 Dungeon Crawl Stone Soup version 0.26-a0-1025-g006ef2cfcc (webtiles) character file.

Game seed: 7498713072403251927

16 Kraken2834 the Skirmisher (level 2, -5/24 HPs)
             Began as a Demonspawn Abyssal Knight on Dec 9, 2020.
             Was a Follower of Lugonu.
             Slain by a gnoll
             ... wielding a +0 halberd
              (6 damage)
             ... on level 1 of the Dungeon.
             The game lasted 00:03:14 (605 turns).

Kraken2834 the Skirmisher (DsAK)                     Turns: 605, Time: 00:03:15

Health: -5/24      AC:  5    Str: 12    XL:     2   Next: 41%
Magic:  3/3        EV: 11    Int: 13    God:    Lugonu [*.....]
Gold:   8          SH:  0    Dex: 12    Spells: 1/1 levels left

rFire    . . .     SeeInvis .   a - +1 spear
rCold    . . .     Faith    .   (no shield)
rNeg     . . .     Spirit   .   b - +0 leather armour
rPois    .         Reflect  .   (helmet restricted)
rElec    .         Harm     .   (no cloak)
rCorr    .         Rampage  .   (no gloves)
Will     .....     Rnd*Rage +   (no boots)
Stlth    +.........             (no amulet)
HPRegen  0.08/turn              (no ring)
MPRegen  0.08/turn              (no ring)

@: brilliant
A: antennae 1, yellow scales 1, berserk 1
a: Depart the Abyss, Renounce Religion


You were on level 1 of the Dungeon.
You worshipped Lugonu.
Lugonu was aware of your devotion.
You visited 1 branch of the dungeon, and saw 1 of its levels.
You visited the Abyss 1 time.

You collected 8 gold pieces.

Inventory:

Hand Weapons
 a - a +1 spear (weapon)
Armour
 b - a +0 leather armour (worn)
Scrolls
 c - a scroll of remove curse {unknown}
 d - 2 scrolls of teleportation {unknown}


   Skills:
 * Level 3.5 Fighting
 + Level 1.9 Polearms
 - Level 2.0 Armour
 - Level 0.8 Dodging
 - Level 2.5 Invocations


You had one spell level left.
You didn't know any spells.
Your spell library was empty.

Dungeon Overview and Level Annotations

Branches:
Dungeon (1/15)

Altars:


Innate Abilities, Weirdness & Mutations

You are partially covered in yellow scales. (AC +2)
You have a pair of small antennae on your head.
You tend to lose your temper in combat.


Message History

Ouch! That really hurt!
The gnoll hits you but does no damage.
Things that are here:
a +0 club; a hobgoblin corpse You closely miss the gnoll.
The gnoll is moderately wounded.
You hit the gnoll but do no damage.
The gnoll is moderately wounded.
The gnoll hits you with a +0 halberd!
* * * LOW HITPOINT WARNING * * *
You hit the gnoll.
The gnoll is heavily wounded.
The gnoll barely misses you.
It was a potion of mutation.
You feel extremely strange.
You feel a little pissed off. A pair of antennae grows on your head!
The gnoll hits you but does no damage.
It was a potion of brilliance.
You feel clever all of a sudden. The gnoll hits you with a +0 halberd.
You die...

..# #.# #.# #.#.# #..
#.# #.#.# #.. #.#
#.#.# #.. #.# #.#.#
#.# ##.## #.#.# #!#
##.†.## #.#.# #.#
##.###.###.#.# #g#
#..# #....#..###@#
#..###.###.#.....#
#.#...## #..........#
..##...........####.#
..##########.#...
.... #.# #.>......# #
#.## ########.# )..#
#.# †#.## #########.#


You could see a gnoll.

Vanquished Creatures
  A dart slug (D:1)
  A giant cockroach (D:1)
  A goblin (D:1)
  2 hobgoblins (D:1)
  2 kobolds (D:1)
  3 bats (D:1)
  2 frilled lizards (D:1)
  2 rats (D:1)
14 creatures vanquished.

Notes
Turn   | Place    | Note
-------+----------+-------------------------------------------
     0 | Abyss:1  | Kraken2834 the Demonspawn Abyssal Knight began the quest
                  | for the Orb.
     0 | Abyss:1  | Reached XP level 1. HP: 18/18 MP: 2/2
    28 | Abyss:2  | Noticed a ynoxinul
    40 | D:1      | Escaped the Abyss
   467 | D:1      | Gained mutation: You are partially covered in yellow
                  | scales. (AC +2) [demonic ancestry]
   467 | D:1      | Reached XP level 2. HP: 21/24 MP: 3/3
   507 | D:1      | Reached * piety under Lugonu
   602 | D:1      | HP: 1/24 [gnoll/+0 halberd (10)]
   604 | D:1      | Gained mutation: You tend to lose your temper in combat.
                  | [potion of mutation]
   604 | D:1      | Gained mutation: You have a pair of small antennae on your
                  | head. [potion of mutation]
   605 | D:1      | Slain by a gnoll

Illustrated notes

Levels and vault maps discovered:
D:1:      dpeg_arrival_round_a, layout_loops_ring, minmay_pentomino_p2

Skill      XL: |  1 |
---------------+----+-----
Armour         | 2 |  2.0
Fighting       | |  3.5
Polearms       | |  1.9
Dodging        | |  0.8
Invocations    | |  2.5

Action                   || total
-------------------------++-------
Melee: Spear             ||    57
Invok: Depart the Abyss  ||     1
  Use: Potion            ||     2
Armor: Leather armour    ||    13
Dodge: Dodged            ||    37

Table legend: (Time is in decaauts)
 A = Elapsed time spent in this place.
 B = Non-inter-level travel time spent in this place.
 C = Inter-level travel time spent in this place.
 D = Time resting spent in this place.
 E = Time spent auto-exploring this place.
 F = Levels seen in this place.
 G = Mean time per level.
                   A        B        C        D        E       F      G
               +--------+--------+--------+--------+--------+-----+--------+
         Total |    605 |    605 |      0 |      0 |    492 |   3 |  201.7 |
       Dungeon |    565 |    565 |      0 |      0 |    470 |   1 |  565.0 |
         Abyss |     39 |     39 |      0 |      0 |     22 |   2 |   19.5 |
               +--------+--------+--------+--------+--------+-----+--------+

Top non-repeatable levels by time:
     D:1: 565 daAuts
 Abyss:2: 27 daAuts
 Abyss:1: 12 daAuts
